 Dungeon Crawl Stone Soup version 0.16.0-17-g811c1d7 (webtiles) character file.

66 maniek23 the Vexing (level 3, -6/25 HPs)
             Began as a Vampire Enchanter on Mar 20, 2015.
             Killed by divine providence
             ... invoked by an orc priest
              (13 damage)
             ... on level 3 of the Dungeon.
             The game lasted 00:06:13 (1715 turns).

maniek23 the Vexing (Vampire Enchanter)             Turns: 1715, Time: 00:06:14

Health: -6/25      AC:  4    Str:  7    XL:     3   Next: 96%
Magic:  2/6        EV: 13    Int: 17    God:
Gold:   67         SH:  0    Dex: 15    Spells: 2 memorised, 3 levels left

rFire  + . .     SeeInvis +     a - +1 dagger
rCold  . . .     Clarity  .     b - +1 robe
rNeg   . . .     SustAb   .     (no shield)
rPois  .         Gourm    .     (no helmet)
rElec  .         Spirit   .     l - +0 cloak
rCorr  .         Warding  .     (no gloves)
rMut   .         Stasis   .     (no boots)
MR     .....                    (no amulet)
Stlth  +++.......               (no ring)
                                n - ring of protection from fire

@: regenerating quickly, not resistant to hostile enchantments, fairly stealthy
A: bottle blood, fangs 3, see invisible, unbreathing
a: no special abilities


You were on level 3 of the Dungeon.
You were very full.

You visited 1 branch of the dungeon, and saw 3 of its levels.

You collected 67 gold pieces.

Inventory:

Hand weapons
 a - a +1 dagger (weapon)
Armour
 b - a +1 robe (worn)
 l - a +0 cloak (worn)
Jewellery
 n - a ring of protection from fire (left hand)
Scrolls
 e - a scroll of immolation {unknown}
 f - 2 scrolls of identify {unknown}
 h - 3 scrolls of remove curse {unknown}
 i - a scroll of enchant weapon {unknown}
 j - a scroll of noise {unknown}
 m - a scroll of fear {unknown}
 o - a scroll of enchant armour {unknown}
Potions
 d - 15 potions of blood
 g - a potion of curing {unknown}
 k - a potion of cure mutation {unknown}
Books
 c - a book of Maledictions

   Spells                             Type                      Level
   a - Corona                         Hexes                        1
   b - Sure Blade                     Hexes/Charms                 2
   c - Ensorcelled Hibernation        Hexes/Ice                    2
   d - Confuse                        Hexes                        3
   e - Dazzling Spray                 Conjuration/Hexes            3
   f - Enslavement                    Hexes                        4


   Skills:
 + Level 0.3 Fighting
 + Level 1.3 Short Blades
 + Level 3.1 Dodging
 + Level 5.1 Stealth
 + Level 2.2 Spellcasting
 + Level 5.2 Hexes
 + Level 0.4 Ice Magic


You had 3 spell levels left.
You knew the following spells:

 Your Spells              Type           Power        Failure   Level  Hunger
a - Corona                Hex            ###....      2%          1    #......
b - Ensorcelled Hibernat  Hex/Ice        ##....       12%         2    ###....


Dungeon Overview and Level Annotations

Branches:
Dungeon (3/15)

Altars:


Innate Abilities, Weirdness & Mutations

Your natural rate of healing is unusually fast.
You can bottle blood from corpses.
You have razor-sharp teeth.
You have supernaturally acute eyesight.
You can survive without breathing.


Message History

The magic dart hits you! The orc wizard casts a spell at you.
You are confused.
You're too confused to move!
You're too confused to move!
The orc wizard closely misses you.
The orc priest calls down the wrath of Beogh upon you.
Something smites you!
* * * LOW HITPOINT WARNING * * *
You're too confused to move!
You feel less confused.
The orc wizard hits you but does no damage.
The orc misses you.
Your magical contamination has completely faded away.
The orc priest utters an invocation to Beogh.
You feel a wave of unholy energy pass over you.
The orc priest mumbles some strange prayers to Beogh against you.
Something smites you!
Ouch! That really hurt!
You die...

#.# ....+ #.#
.#.#....# #.#
..<#....
#.##..P....
#.....P ..##
##..PP♣♣♣♣..#
#.).P♣P.....#
#oP♣♣P..o..#
#.P♣♣o.oP@.#
#....♣♣P..P#
#.#..P♣PP.##
#.#.....÷.#
#.#....#..#
#.#..#.#.##
#.#..#.#.#
#.#..#.#.#
#.##.#.#.#


You could see an orc priest, an orc wizard and an orc.

Vanquished Creatures
  A worm (D:2)
  2 orcs (D:3)
  A ball python (D:1)
  2 giant cockroaches
  3 goblins
  10 hobgoblins
  5 kobolds
  6 bats
  6 giant newts
  10 jackals
  9 rats
55 creatures vanquished.

Notes
Turn   | Place    | Note
--------------------------------------------------------------
     0 | D:1      | maniek23, the Vampire Enchanter, began the quest for the Orb.
     0 | D:1      | Reached XP level 1. HP: 13/13 MP: 3/3
     2 | D:1      | Noticed a human
     2 | D:1      | Noticed a ghoul
     4 | D:1      | Noticed a merfolk
     4 | D:1      | Noticed a spriggan
     6 | D:1      | Noticed a vampire
     6 | D:1      | Noticed a draconian
     8 | D:1      | Noticed an elf
     8 | D:1      | Noticed an ogre
    10 | D:1      | Noticed a gargoyle
    10 | D:1      | Noticed an octopode
    12 | D:1      | Noticed a naga
    12 | D:1      | Noticed a felid
    14 | D:1      | Noticed a dwarf
    16 | D:1      | Noticed a demonspawn
    16 | D:1      | Noticed a formicid
    18 | D:1      | Noticed a demigod
    18 | D:1      | Noticed a tengu
    20 | D:1      | Noticed a centaur
    24 | D:1      | Noticed a minotaur
    26 | D:1      | Noticed a vine stalker
    26 | D:1      | Noticed a troll
   205 | D:1      | Reached XP level 2. HP: 19/19 MP: 4/4
   519 | D:1      | Learned a level 2 spell: Ensorcelled Hibernation
   805 | D:1      | Reached skill level 5 in Hexes
   820 | D:1      | Reached XP level 3. HP: 22/24 MP: 4/6
  1178 | D:2      | Reached skill level 5 in Stealth
  1715 | D:3      | Killed from afar by an orc priest

Action                   || total
-------------------------++-------
Melee: Dagger            ||   152
 Cast: Ensorcelled Hiber ||     9
       Corona            ||     3
 Stab: Sleeping          ||    13
  Eat: Corpse            ||    11
